 Dungeon Crawl Stone Soup version 0.30-a0-373-gd37427bb62 (webtiles) character file.

Game seed: 8127788838474553648

1383 Elric the Sneak (level 8, -16/54 HPs)
             Began as an Octopode Conjurer on Nov 24, 2022.
             Was an Initiate of Qazlal.
             Killed from afar by Maggie (28 damage)
             ... with a bolt of fire
             ... on level 6 of the Dungeon.
             The game lasted 00:13:54 (6944 turns).

Elric the Sneak (Octopode Conjurer)                 Turns: 6944, Time: 00:13:54

Health: -16/54     AC:  3    Str:  6    XL:     8   Next: 67%
Magic:  5/14       EV: 12    Int: 23    God:    Qazlal [......]
Gold:   204        SH:  8    Dex: 10    Spells: 8/15 levels left

rFire   . . .      SeeInvis .    h - +7 long sword of the Known World {pain, rCorr}
rCold   . . .      Faith    .    a - +0 kite shield {rN+}
rNeg    + + .      Spirit   .    s - +2 hat
rPois   .          Reflect  .    (no amulet)
rElec   .          Harm     .    m - ring of positive energy
rCorr   +          Rampage  .    (no ring)
Will    .....                    (no ring)
Stlth   ++++......               (no ring)
HPRegen 0.29/turn                (no ring)
MPRegen 0.14/turn                (no ring)
                                 (no ring)
                                 (no ring)

@: no status effects
A: almost no armour, amphibious, 8 rings, camouflage 1, gelatinous body 1,
(nimble swimmer 1), tentacles
a: Renounce Religion


You were on level 6 of the Dungeon.
You worshipped Qazlal.
Qazlal was noncommittal.
You visited 1 branch of the dungeon, and saw 6 of its levels.

You collected 204 gold pieces.

Inventory:

Hand Weapons
 h - the +7 long sword of the Known World (weapon) {pain, rCorr}
   (You found it on level 4 of the Dungeon)

   In the hands of one skilled in necromantic magic, it inflicts extra damage on
   living creatures.
   rCorr:     It protects you from acid and corrosion.
Missiles
 k - 12 poisoned darts
Armour
 a - a +0 kite shield of positive energy (worn)
 s - a +2 hat (worn)
Magical Staves
 w - a staff of poison
Jewellery
 m - a ring of positive energy (left tentacle)
Wands
 v - a wand of mindburst (12)
Scrolls
 c - 2 scrolls of enchant weapon {unknown}
 e - 2 scrolls of teleportation {unknown}
 f - 5 scrolls of identify {unknown}
 g - a scroll of brand weapon {unknown}
 i - 2 scrolls of poison {unknown}
 j - 2 scrolls of enchant armour {unknown}
 l - a scroll of blinking {unknown}
 n - a scroll of summoning {unknown}
 o - 2 scrolls of fear {unknown}
 q - 2 scrolls of magic mapping {unknown}
 t - 2 scrolls of noise {unknown}
Potions
 b - a potion of cancellation
 d - 3 potions of might
 p - a potion of haste {unknown}
 r - a potion of berserk rage {unknown}
 u - 2 potions of curing {unknown}


   Skills:
 + Level 3.7 Fighting
 + Level 1.7 Long Blades
 + Level 4.3 Dodging
 + Level 6.3 Stealth
 + Level 3.1 Shields
 + Level 4.0 Spellcasting
 * Level 5.8 Conjurations
 + Level 1.0 Hexes
 + Level 2.0 Necromancy
 + Level 1.1 Invocations


You had 8 spell levels left.
You knew the following spells:

 Your Spells              Type           Power      Damage    Failure   Level
a - Magic Dart            Conj           100%       1d8       3%          1
b - Searing Ray           Conj           62%        2d6       4%          2
c - Fulminant Prism       Conj/Hex       10%        3d8       61%         4

Your spell library contained the following spells:

 Spells                   Type           Power      Damage    Failure   Level
 Necrotise                Necr           52%        1d6       14%         1
 Static Discharge         Conj/Air       36%        2-4/arc   16%         2
 Dazzling Flash           Conj/Hex       40%        N/A       24%         3
 Vampiric Draining        Necr           13%        2d6       38%         3
 Vhi's Electric Charge    Tloc/Air       8%         N/A       67%         3
 Iskenderun's Mystic Bla  Conj/Tloc      18%        2d6       69%         4
 Arcjolt                  Conj/Air       9%         1d19      95%         5
 Lightning Bolt           Conj/Air       9%         1d21      95%         5
 Agony                    Necr           13%        N/A       98%         5


Dungeon Overview and Level Annotations

Branches:
Dungeon (6/15)
 Temple: D:4-7

Altars:
Gozag
Makhleb
Qazlal

Shops:
D:2 =   D:4 *   D:5 (

Annotations:
D:4 2 runed translucent doors, Crazy Yiuf
D:6 Maggie


Innate Abilities, Weirdness & Mutations

You cannot wear most types of armour.
You are amphibious.
You can wear up to eight rings at the same time.
Your skin changes colour to match your surroundings (Stealth+).
Your rubbery body absorbs attacks. (AC +1, EV +1)
((You are camouflaged when in or above water. (Stealth+)))
You have tentacles for arms and can constrict up to eight enemies at once.


Message History

(Press . to maintain the ray.)
You constrict Maggie, but do no damage. Maggie misses you.
The searing ray hits Maggie.
Maggie is moderately wounded.
You constrict Maggie. You block Maggie's attack.
The searing ray hits Maggie!
Maggie is moderately wounded.
You constrict Maggie, but do no damage.
Maggie zaps a wand.
You resist with some effort.
Casting: Searing Ray (safe; 4% risk of failure)
Confirm with . or Enter, or press ? or * to list all spells.
Restarting spell: Searing Ray (safe; 4% risk of failure)
Press: ? - help, Shift-Dir - straight line, f/p - Maggie
Aim: Maggie, wielding a +2 morningstar of pain, wearing +0 acid dragon scales and carrying a wand of polymorph (10) (moderately wounded, constricted by you, 100% to hit)
The searing ray hits Maggie but does no damage.
Maggie is moderately wounded. (Press . to maintain the ray.)
You constrict Maggie.
Maggie hits you with a +2 morningstar of pain.
The searing ray hits Maggie.
Maggie is heavily wounded.
You constrict Maggie.
Maggie zaps a wand.
You resist with some effort.
The searing ray hits Maggie.
Maggie is heavily wounded.
You constrict Maggie.
Maggie hits you with a +2 morningstar of pain!
* * * LOW HITPOINT WARNING * * *
Casting: Searing Ray (safe; 4% risk of failure)
Confirm with . or Enter, or press ? or * to list all spells.
Restarting spell: Searing Ray (safe; 4% risk of failure)
Press: ? - help, Shift-Dir - straight line, f/p - Maggie
Aim: Maggie, wielding a +2 morningstar of pain, wearing +0 acid dragon scales and carrying a wand of polymorph (9) (heavily wounded, constricted by you, 100% to hit)
The searing ray hits Maggie!
Maggie is severely wounded. (Press . to maintain the ray.)
You constrict Maggie. Maggie gestures at you while chanting.
The bolt of fire hits you!!
Ouch! That really hurt!
You die...

(.#
####......##..#.
..#
##.........#.....
###
#..##........#.##
#
#.###............
##### #.#
#......#.#..
....###.#
#####....#
........#
#####.#.#....
....#####
#......@# .#.
....#
#..##..@#...#
....#
#........#.#....
.#### ...###.#†.#
... .## ..
#.#..... . ..## .
#....####
...###### ......
......... #. ..##
...##### #. ..#
...### .. ..#


You could see Maggie.

Vanquished Creatures
  An orc warrior (D:5)
  2 black bears
  3 phantoms
  A necrophage (D:6)
  A bullfrog (D:4)
  3 scorpions
  The ghost of Smoky173 the Trooper, a weakling DsMo (D:3)
  A howler monkey (D:6)
  A jelly (D:5)
  A hound (D:5)
  An orc priest (D:5)
  Ijyb (D:5)
  2 orc wizards
  Robin (D:2)
  8 gnolls
  6 adders
  A shadow imp (D:5)
  7 worms
  6 dart slugs
  5 orcs
  7 ball pythons
  6 endoplasms
  5 giant cockroaches
  9 goblins
  17 hobgoblins
  5 jackals
  4 quokkas
  3 bats
  3 frilled lizards (D:1)
  5 kobolds
  5 rats
122 creatures vanquished.

Vanquished Creatures (others)
  The ghost of oneeeeegina the Magician, an amateur DjNe (D:4)
  2 plants (D:5)
3 creatures vanquished.

Grand Total: 125 creatures vanquished

Notes
Turn   | Place    | Note
-------+----------+-------------------------------------------
     0 | D:1      | Elric the Octopode Conjurer began the quest for the Orb.
     0 | D:1      | Reached XP level 1. HP: 11/11 MP: 3/3
   135 | D:1      | Reached XP level 2. HP: 18/18 MP: 1/5
   203 | D:1      | Reached skill level 3 in Stealth
   951 | D:1      | Reached XP level 3. HP: 21/22 MP: 0/6
  1011 | D:1      | Reached skill level 1 in Fighting
  1219 | D:2      | Found Coish's Jewellery Shoppe.
  1669 | D:2      | Reached XP level 4. HP: 28/28 MP: 5/7
  2308 | D:2      | Learned a level 2 spell: Searing Ray
  2958 | D:3      | Noticed Robin
  3052 | D:2      | Killed Robin
  3053 | D:2      | Reached skill level 4 in Stealth
  3053 | D:2      | Reached XP level 5. HP: 22/34 MP: 3/9
  3588 | D:3      | Found a runed translucent door.
  3588 | D:3      | Noticed a black bear
  3590 | D:3      | Noticed Smoky173's ghost (weakling DsMo)
  3822 | D:3      | Killed a black bear
  3823 | D:3      | Reached XP level 6. HP: 21/38 MP: 4/10
  3823 | D:3      | Killed Smoky173's ghost
  3988 | D:4      | Found a runed translucent door.
  3989 | D:4      | Noticed Crazy Yiuf
  4053 | D:4      | Found Deqoigg's Assorted Antiques.
  4084 | D:4      | Reached skill level 1 in Shields
  4405 | D:4      | Reached skill level 5 in Stealth
  4473 | D:4      | Reached skill level 5 in Conjurations
  4473 | D:4      | Reached XP level 7. HP: 45/45 MP: 4/12
  4607 | D:4      | Found a runed translucent door.
  4609 | D:4      | Noticed oneeeeegina's ghost (amateur DjNe)
  4738 | D:4      | Found a runed translucent door.
  4766 | D:4      | Killed oneeeeegina's ghost
  4873 | D:4      | Identified the +7 long sword of the Known World {pain,
                  | rCorr}
  4930 | D:5      | Entered Level 5 of the Dungeon
  5033 | D:5      | Found a burning altar of Makhleb.
  5033 | D:5      | Found an opulent altar of Gozag.
  5033 | D:5      | Found a stormy altar of Qazlal.
  5051 | D:5      | Became a worshipper of Qazlal Stormbringer
  5279 | D:5      | Reached skill level 1 in Long Blades
  5279 | D:5      | Reached skill level 1 in Necromancy
  5279 | D:5      | Reached XP level 8. HP: 51/52 MP: 6/13
  5712 | D:5      | Found Lutonkafej's Antique Weapon Shop.
  5917 | D:5      | Noticed Ijyb
  5923 | D:5      | Killed Ijyb
  6083 | D:5      | Learned a level 4 spell: Fulminant Prism
  6095 | D:5      | Reached skill level 6 in Stealth
  6762 | D:5      | Reached skill level 1 in Invocations
  6841 | D:6      | Reached skill level 1 in Hexes
  6928 | D:6      | Noticed Maggie
  6944 | D:6      | Killed from afar by Maggie

Illustrated notes

Levels and vault maps discovered:
D:1:      moated_graveyard_arrival, layout_loops_ring, minmay_close_crescents
D:2:      layout_basic, serial_shops, nicolae_shop_hallway_plus
D:3:      layout_loops_ring, ebering_ghost_inner_flame,
          hangedman_feature_mirror, chequers_jeans, uniq_robin
D:4:      layout_rooms, serial_shops, nicolae_shop_overgrown_old_shop,
          ebering_ghost_sewer_f, uniq_crazy_yiuf_cottage
D:5:      layout_gridville, gammafunk_temple_overflow_forgotten, serial_shops,
          shop, uniq_ijyb
D:6:      layout_rooms, hangedman_decor_peaks_small, uniq_maggie,
          uniq_prince_ribbit1

Skill      XL: |  1  2  3  4  5  6  7  8 |
---------------+-------------------------+-----
Stealth        | 3 4 5 6 |  6.3
Fighting       | 1 2 3 |  3.7
Dodging        | 3 4 |  4.3
Spellcasting   | 3 4 |  4.0
Shields        | 1 2 3 |  3.1
Conjurations   | 5 |  5.8
Long Blades    | 1 |  1.7
Necromancy     | 1 2 |  2.0
Invocations    | 1 |  1.1
Hexes          | 1 |  1.0

Action                   |  1- 3 |  4- 6 |  7- 9 || total
-------------------------+-------+-------+-------++-------
Melee: Unarmed           |     8 |     3 |     4 ||    15
       Constrict         |     2 |     1 |    10 ||    13
       Tentacles         |     1 |     1 |     9 ||    11
       Long sword        |       |       |    49 ||    49
       Punch             |       |       |     1 ||     1
Throw: Dart              |     2 |       |       ||     2
 Cast: Magic Dart        |    78 |    79 |    35 ||   192
       Searing Ray       |       |    23 |    31 ||    54
  Use: Potion            |       |     1 |     3 ||     4
Armor: Skin              |       |     2 |     4 ||     6
Dodge: Dodged            |     6 |    24 |    57 ||    87
Block: Kite shield       |       |     2 |    38 ||    40

Table legend: (Time is in decaauts)
 A = Elapsed time spent in this place.
 B = Non-inter-level travel time spent in this place.
 C = Inter-level travel time spent in this place.
 D = Time resting spent in this place.
 E = Time spent auto-exploring this place.
 F = Levels seen in this place.
 G = Mean time per level.
                   A        B        C        D        E       F      G
               +--------+--------+--------+--------+--------+-----+--------+
         Total |   6983 |   6786 |    197 |   1558 |   4418 |   6 | 1163.8 |
       Dungeon |   6983 |   6786 |    197 |   1558 |   4418 |   6 | 1163.8 |
               +--------+--------+--------+--------+--------+-----+--------+

Top non-repeatable levels by time:
     D:5: 1765 daAuts
     D:2: 1527 daAuts
     D:3: 1275 daAuts
     D:1: 1141 daAuts
     D:4: 1067 daAuts
     D:6: 206 daAuts
